Knights vs Diables
Created - November 16, 2017 at 23:30
Goals
|
Knights |
1 |
2 |
3 |
6 |
Diables |
1 |
3 |
3 |
7 |
|
Shots
|
Knights |
16 |
9 |
15 |
40 |
Diables |
8 |
8 |
15 |
31 |
|
1st period
1. Diables , Taylor Beck 2 (Hampus Lindholm 13, Jon Merrill 7) at 17:41
2. Knights , Cody Bass 2 (Nikita Nikitin 7, Linden Vey 4) at 18:35
Penalties :
Jamie Oleksiak (Alm) for Tripping (Minor) at 1:38
2nd period
3. Diables , Brandon Prust 13 (Tyler Bozak 12) at 2:17
4. Diables , Alexandre Burrows 6 (Jon Merrill 8, Craig Smith 15) at 4:41
5. Diables , Brandon Prust 14 (Hampus Lindholm 14, Tyler Bozak 13) at 4:58
6. Knights , Tom Wilson 3 (Cody Bass 4, Michael Matheson 1) at 16:19
7. Knights , Josh Bailey 2 (Zack Hamill 10) at 19:57
Penalties :
Benn Ferriero (Alm) for Cross-checking (Minor) at 9:06, Brian Dumoulin (Alm) for Holding (Minor) at 16:38
3rd period
8. Diables , Brandon Prust 15 (Tyler Bozak 14, Hampus Lindholm 15) at 2:41
9. Diables , Hampus Lindholm 4 (Tyler Bozak 15, Brandon Prust 18) at 2:53
10. Knights , Michael Raffl 5 (Zack Hamill 11) at 5:42 (PP)
11. Diables , Tyler Bozak 12 (Brandon Prust 19, Hampus Lindholm 16) at 5:57
12. Knights , Ronalds Kenins 2 (Ryan Nugent-Hopkins 7) at 14:50 (SH)
13. Knights , Zack Hamill 5 (Tomas Kundratek 3) at 15:14
Penalties :
Jordan Szwarz (Alm) for Roughing (Minor) at 5:37, Jordan Martinook (Lon) for High sticking (Minor) at 9:18, Kevin Hayes (Lon) for Holding (Minor) at 13:31, Tyler Bozak (Alm) for Hooking (Minor) at 15:12
Goalie Stats
Connor Knapp (Lon), 11 saves from 15 shots - (0.733), 24:58 minutes
Ben Scrivens (Lon), 13 saves from 16 shots - (0.813), L, 6-7-0, 34:27 minutes
Jean-Francois Berube (Alm), 34 saves from 40 shots - (0.850), W, 5-4-1, 60:00 minutes
Players Stats for Knights
Player Name G A P +/- PIM S H SB GA TA FO MP PP MP PK MP
------------------------------------------------------------------------------------
A.J. Jenks 0 0 0 -2 0 1 6 0 0 0 0/0 10:52 0:00 0:00
Cody Bass 1 1 2 2 0 3 0 0 2 1 4/9 11:49 0:00 2:25
Collin Miller 0 0 0 0 0 0 2 0 0 0 0/0 14:14 3:19 0:00
Jaccob Slavin 0 0 0 0 0 0 0 0 0 0 0/0 14:14 3:19 0:00
Jacob Trouba 0 0 0 -3 0 1 3 3 0 0 0/0 23:31 0:12 1:28
James Wright 0 0 0 -2 0 1 3 0 1 1 6/25 16:22 0:01 0:28
Jordan Martinook 0 0 0 2 2 2 2 1 0 0 0/0 9:34 0:00 0:00
Josh Bailey 1 0 1 -2 0 10 0 1 0 0 0/0 19:32 4:02 0:00
Kevin Hayes 0 0 0 -2 2 3 0 0 2 0 0/1 16:02 3:41 0:00
Linden Vey 0 1 1 -2 0 1 0 0 0 0 0/0 10:52 0:00 0:00
Michael Matheson 0 1 1 0 0 4 0 2 0 2 0/0 17:37 0:00 1:28
Michael Raffl 1 0 1 -1 0 2 2 0 1 0 1/2 22:29 4:13 2:19
Nikita Nikitin 0 1 1 1 0 1 1 0 0 1 0/0 22:15 4:12 2:12
Ronalds Kenins 1 0 1 -1 0 2 1 0 0 0 0/0 17:12 3:29 1:21
Ryan Nugent-Hopkins 0 1 1 -1 0 2 3 0 0 0 5/7 15:03 3:29 0:47
Tom Wilson 1 0 1 2 0 1 1 0 0 0 0/0 9:24 0:00 0:00
Tomas Kundratek 0 1 1 -2 0 2 3 0 0 4 0/0 28:09 4:24 2:12
Zack Hamill 1 2 3 -1 0 4 1 0 0 0 8/17 16:49 4:14 0:00
Players Stats for Diables
Player Name G A P +/- PIM S H SB GA TA FO MP PP MP PK MP
------------------------------------------------------------------------------------
Alexandre Burrows 1 0 1 -1 0 3 3 1 1 2 1/1 17:28 1:52 1:22
Ben Hanowski 0 0 0 0 0 0 0 0 0 0 0/0 3:48 1:48 0:00
Benn Ferriero 0 0 0 0 2 1 2 0 0 1 2/3 17:10 0:00 2:02
Brandon Prust 3 2 5 4 0 7 0 1 1 0 1/3 20:17 1:48 3:45
Brian Dumoulin 0 0 0 -2 2 1 0 0 0 0 0/0 16:52 1:23 0:18
Christian Thomas 0 0 0 -1 0 0 2 0 0 0 0/0 11:37 0:00 0:00
Craig Smith 0 1 1 0 0 4 1 0 1 0 9/18 19:35 1:52 3:49
Daniel Zaar 0 0 0 -1 0 1 1 0 0 0 0/0 11:37 0:00 0:00
Hampus Lindholm 1 4 5 4 0 5 0 3 1 2 0/0 28:59 2:17 3:42
Jamie Oleksiak 0 0 0 0 2 1 1 0 0 0 0/0 14:33 0:00 1:36
Jon Merrill 0 2 2 2 0 0 1 3 1 1 0/0 25:39 1:23 4:57
Jordan Szwarz 0 0 0 3 2 0 3 0 1 0 3/3 21:46 1:52 0:00
Mark Fraser 0 0 0 0 0 0 1 1 1 0 0/0 24:24 2:17 4:53
Pavel Valentenko 0 0 0 0 0 0 1 1 0 0 0/0 9:51 0:00 0:00
Stefan Matteau 0 0 0 -1 0 1 1 0 0 0 0/1 12:26 0:00 0:28
Taylor Beck 1 0 1 0 0 1 1 0 1 0 0/1 10:12 0:00 1:36
Tim Schaller 0 0 0 0 0 2 2 0 0 0 1/4 9:54 0:00 2:24
Tyler Bozak 1 4 5 4 2 4 2 0 1 0 20/27 15:46 1:47 0:00
3 Stars
1 - Brandon Prust (Alm)
2 - Hampus Lindholm (Alm)
3 - Tyler Bozak (Alm)
Power Play
Knights - 1 on 5 Attempt(s) - 20.00%
Diables - 0 on 2 Attempt(s) - 0.00%
Penalty Kill
Knights - 2 on 2 Attempt(s) - 100.00%
- Score 1 goal in Penalty Kill
Diables - 4 on 5 Attempt(s) - 80.00%
- Score 0 goal in Penalty Kill
Team Stat
Knights - Hits : 28 - Faceoff Wins : 24 - Blocked Shots : 7 - Penalty Minutes : 4
Diables - Hits : 22 - Faceoff Wins : 37 - Blocked Shots : 10 - Penalty Minutes : 10
Official
Referees : O'Rourke Dan and StLaurent Francois
Linesman : Lyle Seitz and Pierre Racicot
Game Notes
Ben Scrivens enters game at 4:58 of 2nd period
Pavel Valentenko is injured at 15:01 of 2nd period (Groin)
Brandon Prust has scored a Hat Trick!
Finance
Level 1 -- Attendance: 1490 (74.50%) -- Ticket Income $59,600
Level 2 -- Attendance: 763 (76.30%) -- Ticket Income $15,260
Total Attendance: 2253 (75.10%)
Total Ticket Income: $74,860
Other Income: $3,743
Total Income: $78,603
Knights
5 vs 5 Forward
Center Left Wing Right Wing Time % Phy DF OF
1 James Wright Michael Raffl Josh Bailey 34 0 0 5
2 Zack Hamill Ronalds Kenins Kevin Hayes 30 0 1 4
3 Ryan Nugent-Hopkins A.J. Jenks Linden Vey 26 1 1 3
4 Cody Bass Jordan Martinook Tom Wilson 10 1 2 2
5 vs 5 Defense
Defense Defense Time % Phy DF OF
1 Tomas Kundratek Jacob Trouba 40 1 2 2
2 Michael Matheson Nikita Nikitin 30 1 2 2
3 Jaccob Slavin Collin Miller 20 1 2 2
4 Tomas Kundratek Jacob Trouba 10 1 2 2
PowerPlay Forward
Center Left Wing Right Wing Time % Phy DF OF
1 Zack Hamill Michael Raffl Josh Bailey 60 0 0 5
2 Ryan Nugent-Hopkins Ronalds Kenins Kevin Hayes 40 0 0 5
PowerPlay Defense
Defense Defense Time % Phy DF OF
1 Nikita Nikitin Tomas Kundratek 60 0 2 3
2 Jaccob Slavin Collin Miller 40 0 2 3
Penalty Kill 4 Players Forward
Center Wing Time % Phy DF OF
1 Cody Bass Michael Raffl 60 1 3 1
2 James Wright Ronalds Kenins 40 1 3 1
Penalty Kill 4 Players Defense
Defense Defense Time % Phy DF OF
1 Tomas Kundratek Nikita Nikitin 60 1 4 0
2 Jacob Trouba Michael Matheson 40 1 4 0
Penalty Kill - 3 Players Forward
Forward Time % Phy DF OF
1 James Wright 60 0 4 1
2 Cody Bass 40 0 4 1
Penalty Kill - 3 Players Defense
Defense Defense Time % Phy DF OF
1 Tomas Kundratek Nikita Nikitin 60 1 4 0
2 Jacob Trouba Michael Matheson 40 1 4 0
4 vs 4 Forward
Center Wing Time % Phy DF OF
1 Zack Hamill Michael Raffl 60 1 2 2
2 Ryan Nugent-Hopkins Kevin Hayes 40 1 2 2
4 vs 4 Defense
Defense Defense Time % Phy DF OF
1 Tomas Kundratek Jacob Trouba 60 1 2 2
2 Nikita Nikitin Michael Matheson 40 1 2 2
Last Minutes Offensive
Center Left Wing Right Wing Defense Defense
James Wright Michael Raffl Josh Bailey Tomas Kundratek Nikita Nikitin
Last Minutes Defensive
Center Left Wing Right Wing Defense Defense
Cody Bass Michael Raffl Kevin Hayes Tomas Kundratek Jacob Trouba
Goaltenders
Starting : Connor Knapp
Backup : Ben Scrivens
Extra Forwards
Normal : Ryan Nugent-Hopkins, Michael Raffl, James Wright - PP : Michael Raffl, James Wright - PK : Michael Raffl
Extra Defensemen
Normal : Jaccob Slavin, Jacob Trouba, Tomas Kundratek - PP : Jacob Trouba - PK : Jacob Trouba, Tomas Kundratek
Penalty Shots
Ryan Nugent-Hopkins, James Wright, Cody Bass, Michael Raffl, Josh Bailey
Scratches
Brendan Gaunce (Healthy), Alan Quine (Healthy), Jordan Weal (Healthy), Matt Puempel (Healthy), David Shields (Healthy)
Matthew Benning (Healthy), Matt Grzelcyk (Healthy), Brett Connolly (Healthy), Travis Boyd (Healthy), Zach Trotman (Broken Bone (Right Ankle) Injury)
Scott Jackson (Healthy), Magnus Hellberg (Healthy)
Diables
5 vs 5 Forward
Center Left Wing Right Wing Time % Phy DF OF
1 Tyler Bozak Brandon Prust Jordan Szwarz 40 1 2 2
2 Craig Smith Alexandre Burrows Benn Ferriero 30 1 2 2
3 Tim Schaller Taylor Beck Jordan Szwarz 20 1 2 2
4 Stefan Matteau Christian Thomas Daniel Zaar 10 1 2 2
5 vs 5 Defense
Defense Defense Time % Phy DF OF
1 Jon Merrill Hampus Lindholm 40 1 2 2
2 Pavel Valentenko Mark Fraser 30 1 2 2
3 Brian Dumoulin Jamie Oleksiak 20 1 2 2
4 Mark Fraser Hampus Lindholm 10 1 2 2
PowerPlay Forward
Center Left Wing Right Wing Time % Phy DF OF
1 Tyler Bozak Brandon Prust Ben Hanowski 60 1 2 2
2 Craig Smith Alexandre Burrows Jordan Szwarz 40 1 2 2
PowerPlay Defense
Defense Defense Time % Phy DF OF
1 Mark Fraser Hampus Lindholm 60 1 2 2
2 Brian Dumoulin Jon Merrill 40 1 2 2
Penalty Kill 4 Players Forward
Center Wing Time % Phy DF OF
1 Craig Smith Brandon Prust 60 1 2 2
2 Tim Schaller Benn Ferriero 40 1 2 2
Penalty Kill 4 Players Defense
Defense Defense Time % Phy DF OF
1 Mark Fraser Jon Merrill 60 1 2 2
2 Hampus Lindholm Jon Merrill 40 1 2 2
Penalty Kill - 3 Players Forward
Forward Time % Phy DF OF
1 Brandon Prust 60 1 2 2
2 Tim Schaller 40 1 2 2
Penalty Kill - 3 Players Defense
Defense Defense Time % Phy DF OF
1 Mark Fraser Pavel Valentenko 60 1 2 2
2 Hampus Lindholm Jon Merrill 40 1 2 2
4 vs 4 Forward
Center Wing Time % Phy DF OF
1 Tyler Bozak Alexandre Burrows 60 1 2 2
2 Craig Smith Brandon Prust 40 1 2 2
4 vs 4 Defense
Defense Defense Time % Phy DF OF
1 Mark Fraser Hampus Lindholm 60 1 2 2
2 Pavel Valentenko Jon Merrill 40 1 2 2
Last Minutes Offensive
Center Left Wing Right Wing Defense Defense
Tyler Bozak Brandon Prust Ben Hanowski Hampus Lindholm Jon Merrill
Last Minutes Defensive
Center Left Wing Right Wing Defense Defense
Craig Smith Brandon Prust Ben Hanowski Hampus Lindholm Jon Merrill
Goaltenders
Starting : Jean-Francois Berube
Backup : Eddie Lack
Extra Forwards
Normal : Benn Ferriero, Jordan Szwarz, Taylor Beck - PP : Benn Ferriero, Jordan Szwarz - PK : Taylor Beck
Extra Defensemen
Normal : Brian Dumoulin, Jamie Oleksiak, Hampus Lindholm - PP : Brian Dumoulin - PK : Jamie Oleksiak, Hampus Lindholm
Penalty Shots
Brandon Prust, Tyler Bozak, Alexandre Burrows, Ben Hanowski, Tim Schaller
Scratches
Louis Leblanc (Healthy), Gemel Smith (Healthy), Matt Lindblad (Healthy), Kyle Chipchura (Healthy), Borna Rendulic (Healthy)
Adam Clendening (Healthy), Eric Karlsson (Healthy), Brett Ritchie (Healthy), Blake Coleman (Healthy), Andrew O'Brien (Healthy)
Keith Seabrook (Healthy), Pierre-Cédric Labrie (Healthy), Steve Quailer (Sprained Right Knee Injury), Marc-André Bourdon (Healthy), Linus Ullmark (Healthy)
% Time on Ice - Knights
Lines # - Real PCT - Wanted PCT - Time Play
Normal Forward
1 - 31% - 34% - 14:30
2 - 26% - 30% - 12:22
3 - 23% - 26% - 10:52
4 - 20% - 10% - 9:24
Normal Defense
1 - 38% - 40% - 17:59
2 - 36% - 30% - 16:48
3 - 22% - 20% - 10:16
4 - 4% - 10% - 2:05
PP Forward
1 - 55% - 60% - 4:14
2 - 45% - 40% - 3:29
PP Defense
1 - 57% - 60% - 4:24
2 - 43% - 40% - 3:19
PK Forward
1 - 87% - 60% - 3:12
2 - 13% - 40% - 0:28
PK Defense
1 - 60% - 60% - 2:12
2 - 40% - 40% - 1:28
PK3 Forward
1 - 0% - 60%
2 - 0% - 40%
PK3 Defense
1 - 0% - 60%
2 - 0% - 40%
44 Forward
1 - 100% - 60% - 0:18
2 - 0% - 40% - 0:00
44 Defense
1 - 100% - 60% - 0:18
2 - 0% - 40% - 0:00
Last Minute Offensive - 1:11
Last Minute Defensive - 0:00
Total
Forward - 60:00
Defense - 60:00
|
% Time on Ice - Diables
Lines # - Real PCT - Wanted PCT - Time Play
Normal Forward
1 - 31% - 40% - 14:29
2 - 30% - 30% - 14:00
3 - 15% - 20% - 7:05
4 - 25% - 10% - 11:37
Normal Defense
1 - 39% - 40% - 18:13
2 - 35% - 30% - 16:20
3 - 21% - 20% - 9:47
4 - 6% - 10% - 2:51
PP Forward
1 - 49% - 60% - 1:48
2 - 51% - 40% - 1:52
PP Defense
1 - 62% - 60% - 2:17
2 - 38% - 40% - 1:23
PK Forward
1 - 69% - 60% - 5:19
2 - 31% - 40% - 2:24
PK Defense
1 - 63% - 60% - 4:53
2 - 37% - 40% - 2:50
PK3 Forward
1 - 0% - 60%
2 - 0% - 40%
PK3 Defense
1 - 0% - 60%
2 - 0% - 40%
44 Forward
1 - 100% - 60% - 0:18
2 - 0% - 40% - 0:00
44 Defense
1 - 100% - 60% - 0:18
2 - 0% - 40% - 0:00
Last Minute Offensive - 0:00
Last Minute Defensive - 1:08
Total
Forward - 60:00
Defense - 60:00
|
Play by Play
1st period
0:01 of 1st period - Tyler Bozak wins face-off versus James Wright in neutral zone.
1:05 of 1st period - Jacob Trouba is hit by Pavel Valentenko and loses puck.
1:22 of 1st period - Wrist shot by A.J. Jenks.
1:22 of 1st period - Stopped by Jean-Francois Berube with a rebound.
1:24 of 1st period - Slapshot by Tomas Kundratek.
1:24 of 1st period - Shot Blocked by Pavel Valentenko.
1:32 of 1st period - Slapshot by A.J. Jenks.
1:32 of 1st period - Shot Misses the Net.
1:34 of 1st period - Snap shot by Linden Vey.
1:34 of 1st period - Stopped by Jean-Francois Berube without a rebound.
1:35 of 1st period - Tyler Bozak wins face-off versus Cody Bass in Diables zone.
1:35 of 1st period - Tyler Bozak is hit by Jordan Martinook.
1:38 of 1st period - Minor Penalty to Jamie Oleksiak for Tripping.
1:39 of 1st period - Zack Hamill wins face-off versus Craig Smith in Diables zone.
2:19 of 1st period - Snap shot by Ronalds Kenins.
2:19 of 1st period - Shot Blocked by Hampus Lindholm.
3:38 of 1st period - Penalty to Jamie Oleksiak is over, Jamie Oleksiak is back on ice.
3:41 of 1st period - Icing by Mark Fraser.
3:42 of 1st period - Cody Bass wins face-off versus Craig Smith in Diables zone.
4:31 of 1st period - Michael Raffl is hit by Jamie Oleksiak and loses puck.
5:15 of 1st period - Tyler Bozak is hit by Ryan Nugent-Hopkins and loses puck.
5:30 of 1st period - Slapshot by Alexandre Burrows.
5:30 of 1st period - Shot Misses the Net.
5:48 of 1st period - Wrist shot by Cody Bass.
5:48 of 1st period - Shot Blocked by Jon Merrill.
6:10 of 1st period - Snap shot by Ryan Nugent-Hopkins.
6:10 of 1st period - Stopped by Jean-Francois Berube with a rebound.
6:22 of 1st period - Stefan Matteau is hit by Michael Raffl and loses puck.
6:48 of 1st period - Pavel Valentenko is hit by Ronalds Kenins and loses puck.
7:06 of 1st period - Craig Smith is hit by Tom Wilson and loses puck.
7:46 of 1st period - Brian Dumoulin is hit by A.J. Jenks and loses puck.
8:54 of 1st period - Ronalds Kenins is hit by Daniel Zaar and loses puck.
9:35 of 1st period - Ronalds Kenins is hit by Christian Thomas and loses puck.
10:06 of 1st period - Slapshot by Nikita Nikitin.
10:06 of 1st period - Deflect By Zack Hamill.
10:06 of 1st period - Shot Misses the Net.
10:06 of 1st period - Puck is out of play.
10:07 of 1st period - Tyler Bozak wins face-off versus James Wright in Diables zone.
10:43 of 1st period - Snap shot by Ryan Nugent-Hopkins.
10:43 of 1st period - Stopped by Jean-Francois Berube with a rebound.
10:53 of 1st period - Slapshot by Hampus Lindholm.
10:53 of 1st period - Shot Blocked by Jacob Trouba.
10:55 of 1st period - Slapshot by Hampus Lindholm.
10:55 of 1st period - Shot Misses the Net.
10:57 of 1st period - Snap shot by Jon Merrill.
10:57 of 1st period - Shot Blocked by Jordan Martinook.
11:29 of 1st period - Slapshot by Josh Bailey.
11:29 of 1st period - Stopped by Jean-Francois Berube with a rebound.
12:50 of 1st period - Tyler Bozak is hit by Ryan Nugent-Hopkins and loses puck.
12:58 of 1st period - Icing by Brian Dumoulin.
12:59 of 1st period - James Wright wins face-off versus Tyler Bozak in Diables zone.
13:00 of 1st period - Wrist shot by Josh Bailey.
13:00 of 1st period - Stopped by Jean-Francois Berube with a rebound.
13:02 of 1st period - Snap shot by Michael Matheson.
13:02 of 1st period - Stopped by Jean-Francois Berube with a rebound.
13:04 of 1st period - Slapshot by Nikita Nikitin.
13:04 of 1st period - Deflect By Josh Bailey.
13:04 of 1st period - Stopped by Jean-Francois Berube without a rebound.
13:05 of 1st period - Alexandre Burrows wins face-off versus James Wright in Diables zone.
13:11 of 1st period - Snap shot by Josh Bailey.
13:11 of 1st period - Stopped by Jean-Francois Berube with a rebound.
13:13 of 1st period - Snap shot by Tomas Kundratek.
13:13 of 1st period - Stopped by Jean-Francois Berube without a rebound.
13:14 of 1st period - Craig Smith wins face-off versus James Wright in Diables zone.
13:19 of 1st period - Slapshot by Hampus Lindholm.
13:19 of 1st period - Stopped by Connor Knapp without a rebound.
13:20 of 1st period - James Wright wins face-off versus Brandon Prust in Knights zone.
13:29 of 1st period - Snap shot by Michael Raffl.
13:29 of 1st period - Shot Misses the Net.
14:10 of 1st period - Michael Matheson is hit by Tim Schaller and loses puck.
14:25 of 1st period - Wrist shot by Stefan Matteau.
14:25 of 1st period - Stopped by Connor Knapp with a rebound.
14:27 of 1st period - Slapshot by Daniel Zaar.
14:27 of 1st period - Stopped by Connor Knapp with a rebound.
14:29 of 1st period - Slapshot by Pavel Valentenko.
14:29 of 1st period - Shot Misses the Net.
14:43 of 1st period - Jordan Szwarz is hit by James Wright and loses puck.
14:52 of 1st period - Slapshot by Josh Bailey.
14:52 of 1st period - Stopped by Jean-Francois Berube with a rebound.
14:54 of 1st period - Wrist shot by Nikita Nikitin.
14:54 of 1st period - Shot Hit the Post.
14:56 of 1st period - Wrist shot by Michael Matheson.
14:56 of 1st period - Stopped by Jean-Francois Berube without a rebound.
14:57 of 1st period - Craig Smith wins face-off versus Zack Hamill in Diables zone.
16:01 of 1st period - Off-side.
16:02 of 1st period - Cody Bass wins face-off versus Craig Smith in neutral zone.
16:05 of 1st period - Slapshot by Tomas Kundratek.
16:05 of 1st period - Stopped by Jean-Francois Berube without a rebound.
16:06 of 1st period - James Wright wins face-off versus Tyler Bozak in Diables zone.
16:07 of 1st period - Snap shot by Josh Bailey.
16:07 of 1st period - Stopped by Jean-Francois Berube without a rebound.
16:08 of 1st period - Tyler Bozak wins face-off versus James Wright in Diables zone.
16:08 of 1st period - Tyler Bozak is hit by Michael Raffl.
16:18 of 1st period - Slapshot by Michael Raffl.
16:18 of 1st period - Stopped by Jean-Francois Berube without a rebound.
16:19 of 1st period - Tyler Bozak wins face-off versus James Wright in Diables zone.
16:44 of 1st period - Tomas Kundratek is hit by Alexandre Burrows.
17:24 of 1st period - Icing by Tomas Kundratek.
17:25 of 1st period - Ryan Nugent-Hopkins wins face-off versus Tim Schaller in Knights zone.
17:25 of 1st period - Ryan Nugent-Hopkins is hit by Jordan Szwarz.
17:39 of 1st period - Slapshot by Hampus Lindholm.
17:39 of 1st period - Stopped by Connor Knapp with a rebound.
17:41 of 1st period - Slapshot by Taylor Beck.
17:41 of 1st period - Goal by Taylor Beck - Knights : 0 - Diables : 1.
17:42 of 1st period - Jordan Szwarz wins face-off versus James Wright in neutral zone.
17:45 of 1st period - Nikita Nikitin is hit by Tyler Bozak and loses puck.
18:35 of 1st period - Backhand shot by Cody Bass.
18:35 of 1st period - Goal by Cody Bass - Knights : 1 - Diables : 1.
18:36 of 1st period - Tyler Bozak wins face-off versus James Wright in neutral zone.
18:41 of 1st period - Wrist shot by Brandon Prust.
18:41 of 1st period - Stopped by Connor Knapp with a rebound.
19:12 of 1st period - A.J. Jenks is hit by Jordan Szwarz and loses puck.
19:17 of 1st period - Snap shot by Tyler Bozak.
19:17 of 1st period - Shot Misses the Net.
19:19 of 1st period - Wrist shot by Brandon Prust.
19:19 of 1st period - Stopped by Connor Knapp with a rebound.
19:40 of 1st period - Slapshot by Brandon Prust.
19:40 of 1st period - Stopped by Connor Knapp without a rebound.
19:41 of 1st period - Craig Smith wins face-off versus Zack Hamill in Knights zone.
19:44 of 1st period - Wrist shot by Craig Smith.
19:44 of 1st period - Shot Misses the Net.
Goals for this period are 1 for Knights vs 1 for Diables.
Shots for this period are 16 for Knights vs 8 for Diables.
2nd period
0:01 of 2nd period - Tim Schaller wins face-off versus James Wright in neutral zone.
0:12 of 2nd period - Snap shot by Tim Schaller.
0:12 of 2nd period - Shot Blocked by Jacob Trouba.
0:26 of 2nd period - Tomas Kundratek is hit by Alexandre Burrows and loses puck.
1:11 of 2nd period - Snap shot by Tom Wilson.
1:11 of 2nd period - Shot Misses the Net.
1:23 of 2nd period - Slapshot by Nikita Nikitin.
1:23 of 2nd period - Stopped by Jean-Francois Berube without a rebound.
1:24 of 2nd period - Craig Smith wins face-off versus James Wright in Diables zone.
1:51 of 2nd period - Snap shot by Craig Smith.
1:51 of 2nd period - Stopped by Connor Knapp with a rebound.
2:09 of 2nd period - Snap shot by Craig Smith.
2:09 of 2nd period - Deflect By Josh Bailey.
2:09 of 2nd period - Stopped by Connor Knapp with a rebound.
2:11 of 2nd period - Slapshot by Alexandre Burrows.
2:11 of 2nd period - Shot Misses the Net.
2:13 of 2nd period - Snap shot by Jamie Oleksiak.
2:13 of 2nd period - Stopped by Connor Knapp without a rebound.
2:14 of 2nd period - Tyler Bozak wins face-off versus Zack Hamill in Knights zone.
2:17 of 2nd period - Wrist shot by Brandon Prust.
2:17 of 2nd period - Goal by Brandon Prust - Knights : 1 - Diables : 2.
2:18 of 2nd period - Tyler Bozak wins face-off versus Zack Hamill in neutral zone.
3:06 of 2nd period - Slapshot by Hampus Lindholm.
3:06 of 2nd period - Stopped by Connor Knapp without a rebound.
3:07 of 2nd period - Ryan Nugent-Hopkins wins face-off versus Tim Schaller in Knights zone.
3:14 of 2nd period - Nikita Nikitin is hit by Taylor Beck and loses puck.
3:31 of 2nd period - Benn Ferriero is hit by Zack Hamill and loses puck.
3:56 of 2nd period - Daniel Zaar is hit by Collin Miller and loses puck.
4:36 of 2nd period - Icing by Linden Vey.
4:37 of 2nd period - Craig Smith wins face-off versus Ryan Nugent-Hopkins in Knights zone.
4:41 of 2nd period - Slapshot by Jon Merrill.
4:41 of 2nd period - Deflect By Alexandre Burrows.
4:41 of 2nd period - Goal by Alexandre Burrows - Knights : 1 - Diables : 3.
4:42 of 2nd period - Tyler Bozak wins face-off versus Zack Hamill in neutral zone.
4:58 of 2nd period - Snap shot by Brandon Prust.
4:58 of 2nd period - Goal by Brandon Prust - Knights : 1 - Diables : 4.
4:58 of 2nd period - Ben Scrivens enters game.
4:59 of 2nd period - Tyler Bozak wins face-off versus Kevin Hayes in neutral zone.
5:24 of 2nd period - Nikita Nikitin is hit by Alexandre Burrows and loses puck.
7:42 of 2nd period - Pavel Valentenko is hit by James Wright and loses puck.
7:51 of 2nd period - Wrist shot by James Wright.
7:51 of 2nd period - Stopped by Jean-Francois Berube without a rebound.
7:52 of 2nd period - Zack Hamill wins face-off versus Craig Smith in Diables zone.
7:53 of 2nd period - Snap shot by Ronalds Kenins.
7:53 of 2nd period - Shot Misses the Net.
7:55 of 2nd period - Slapshot by Collin Miller.
7:55 of 2nd period - Shot Misses the Net.
8:01 of 2nd period - Backhand shot by Ronalds Kenins.
8:01 of 2nd period - Stopped by Jean-Francois Berube with a rebound.
8:16 of 2nd period - Icing by Alexandre Burrows.
8:17 of 2nd period - Tyler Bozak wins face-off versus Michael Raffl in Diables zone.
8:25 of 2nd period - Wrist shot by Tyler Bozak.
8:25 of 2nd period - Shot Misses the Net.
8:39 of 2nd period - James Wright is hit by Jordan Szwarz.
8:43 of 2nd period - Snap shot by Tyler Bozak.
8:43 of 2nd period - Stopped by Ben Scrivens without a rebound.
8:44 of 2nd period - Zack Hamill wins face-off versus Craig Smith in Knights zone.
8:49 of 2nd period - Slapshot by Michael Matheson.
8:49 of 2nd period - Deflect By Zack Hamill.
8:49 of 2nd period - Shot Misses the Net.
8:49 of 2nd period - Puck is out of play.
8:50 of 2nd period - Zack Hamill wins face-off versus Craig Smith in Diables zone.
9:06 of 2nd period - Minor Penalty to Benn Ferriero for Cross-checking.
9:07 of 2nd period - Craig Smith wins face-off versus Zack Hamill in Diables zone.
9:19 of 2nd period - Craig Smith is hit by Tomas Kundratek and loses puck.
10:30 of 2nd period - Michael Raffl is hit by Jon Merrill and loses puck.
11:06 of 2nd period - Penalty to Benn Ferriero is over, Benn Ferriero is back on ice.
11:12 of 2nd period - Slapshot by Tomas Kundratek.
11:12 of 2nd period - Shot Blocked by Alexandre Burrows.
11:20 of 2nd period - Slapshot by Cody Bass.
11:20 of 2nd period - Stopped by Jean-Francois Berube with a rebound.
11:22 of 2nd period - Slapshot by Michael Matheson.
11:22 of 2nd period - Stopped by Jean-Francois Berube with a rebound.
11:42 of 2nd period - Taylor Beck is hit by A.J. Jenks.
13:13 of 2nd period - Alexandre Burrows is hit by Tomas Kundratek and loses puck.
13:26 of 2nd period - Taylor Beck is hit by A.J. Jenks and loses puck.
14:11 of 2nd period - Tyler Bozak is hit by A.J. Jenks and loses puck.
15:00 of 2nd period - Pavel Valentenko is hit by Jacob Trouba and loses puck.
15:01 of 2nd period - Pavel Valentenko from Diables is injured at 15:01 of 2nd period (Groin).
15:02 of 2nd period - Tyler Bozak wins face-off versus James Wright in Diables zone.
15:31 of 2nd period - Wrist shot by Kevin Hayes.
15:31 of 2nd period - Shot Blocked by Jon Merrill.
15:33 of 2nd period - Slapshot by Zack Hamill.
15:33 of 2nd period - Stopped by Jean-Francois Berube with a rebound.
15:35 of 2nd period - Wrist shot by Kevin Hayes.
15:35 of 2nd period - Shot Misses the Net.
16:19 of 2nd period - Snap shot by Tom Wilson.
16:19 of 2nd period - Goal by Tom Wilson - Knights : 2 - Diables : 4.
16:20 of 2nd period - Michael Raffl wins face-off versus Tyler Bozak in neutral zone.
16:38 of 2nd period - Minor Penalty to Brian Dumoulin for Holding.
16:39 of 2nd period - Zack Hamill wins face-off versus Craig Smith in Diables zone.
16:50 of 2nd period - Snap shot by Zack Hamill.
16:50 of 2nd period - Stopped by Jean-Francois Berube with a rebound.
17:43 of 2nd period - Michael Raffl is hit by Benn Ferriero and loses puck.
18:38 of 2nd period - Penalty to Brian Dumoulin is over, Brian Dumoulin is back on ice.
18:39 of 2nd period - Icing by Josh Bailey.
18:40 of 2nd period - Ryan Nugent-Hopkins wins face-off versus Taylor Beck in Knights zone.
19:37 of 2nd period - Jacob Trouba is hit by Craig Smith.
19:57 of 2nd period - Slapshot by Josh Bailey.
19:57 of 2nd period - Goal by Josh Bailey - Knights : 3 - Diables : 4.
19:58 of 2nd period - Tyler Bozak wins face-off versus James Wright in neutral zone.
Goals for this period are 2 for Knights vs 3 for Diables.
Shots for this period are 9 for Knights vs 8 for Diables.
3rd period
0:01 of 3rd period - James Wright wins face-off versus Tyler Bozak in neutral zone.
0:32 of 3rd period - Snap shot by Benn Ferriero.
0:32 of 3rd period - Shot Misses the Net.
0:48 of 3rd period - Nikita Nikitin is hit by Stefan Matteau and loses puck.
0:57 of 3rd period - Slapshot by Stefan Matteau.
0:57 of 3rd period - Shot Blocked by Michael Matheson.
1:35 of 3rd period - Slapshot by Hampus Lindholm.
1:35 of 3rd period - Deflect By Taylor Beck.
1:35 of 3rd period - Shot Hit the Post.
1:35 of 3rd period - Puck is out of play.
1:36 of 3rd period - Benn Ferriero wins face-off versus James Wright in Knights zone.
1:39 of 3rd period - Wrist shot by Alexandre Burrows.
1:39 of 3rd period - Stopped by Ben Scrivens with a rebound.
2:04 of 3rd period - Slapshot by Tomas Kundratek.
2:04 of 3rd period - Deflect By Kevin Hayes.
2:04 of 3rd period - Shot Misses the Net.
2:04 of 3rd period - Puck is out of play.
2:05 of 3rd period - Zack Hamill wins face-off versus Stefan Matteau in Diables zone.
2:08 of 3rd period - Snap shot by Kevin Hayes.
2:08 of 3rd period - Stopped by Jean-Francois Berube with a rebound.
2:10 of 3rd period - Slapshot by Michael Matheson.
2:10 of 3rd period - Stopped by Jean-Francois Berube with a rebound.
2:32 of 3rd period - Michael Matheson is hit by Mark Fraser and loses puck.
2:41 of 3rd period - Wrist shot by Brandon Prust.
2:41 of 3rd period - Goal by Brandon Prust - Knights : 3 - Diables : 5.
2:42 of 3rd period - Tyler Bozak wins face-off versus James Wright in neutral zone.
2:49 of 3rd period - Slapshot by Hampus Lindholm.
2:49 of 3rd period - Shot Blocked by Josh Bailey.
2:51 of 3rd period - Snap shot by Tyler Bozak.
2:51 of 3rd period - Stopped by Ben Scrivens with a rebound.
2:53 of 3rd period - Slapshot by Hampus Lindholm.
2:53 of 3rd period - Goal by Hampus Lindholm - Knights : 3 - Diables : 6.
2:54 of 3rd period - James Wright wins face-off versus Tyler Bozak in neutral zone.
3:20 of 3rd period - Ronalds Kenins is hit by Benn Ferriero and loses puck.
4:00 of 3rd period - Icing by Mark Fraser.
4:01 of 3rd period - Cody Bass wins face-off versus Tim Schaller in Diables zone.
4:50 of 3rd period - Slapshot by Cody Bass.
4:50 of 3rd period - Shot Misses the Net.
5:10 of 3rd period - Wrist shot by Stefan Matteau.
5:10 of 3rd period - Shot Blocked by Michael Matheson.
5:26 of 3rd period - Snap shot by Cody Bass.
5:26 of 3rd period - Shot Misses the Net.
5:28 of 3rd period - Wrist shot by Jordan Martinook.
5:28 of 3rd period - Stopped by Jean-Francois Berube with a rebound.
5:30 of 3rd period - Snap shot by Jordan Martinook.
5:30 of 3rd period - Stopped by Jean-Francois Berube with a rebound.
5:32 of 3rd period - Snap shot by Nikita Nikitin.
5:32 of 3rd period - Shot Misses the Net.
5:34 of 3rd period - Slapshot by Cody Bass.
5:34 of 3rd period - Stopped by Jean-Francois Berube without a rebound.
5:35 of 3rd period - Tyler Bozak wins face-off versus James Wright in Diables zone.
5:37 of 3rd period - Minor Penalty to Jordan Szwarz for Roughing.
5:38 of 3rd period - Zack Hamill wins face-off versus Craig Smith in Diables zone.
5:42 of 3rd period - Snap shot by Michael Raffl.
5:42 of 3rd period - Goal by Michael Raffl - Knights : 4 - Diables : 6.
5:43 of 3rd period - James Wright wins face-off versus Brandon Prust in neutral zone.
5:46 of 3rd period - Tyler Bozak is hit by Jacob Trouba and loses puck.
5:57 of 3rd period - Wrist shot by Tyler Bozak.
5:57 of 3rd period - Goal by Tyler Bozak - Knights : 4 - Diables : 7.
5:58 of 3rd period - Tyler Bozak wins face-off versus James Wright in neutral zone.
6:01 of 3rd period - Snap shot by Brandon Prust.
6:01 of 3rd period - Stopped by Ben Scrivens with a rebound.
6:23 of 3rd period - Mark Fraser is hit by Tomas Kundratek and loses puck.
6:30 of 3rd period - Slapshot by Jaccob Slavin.
6:30 of 3rd period - Shot Blocked by Hampus Lindholm.
6:32 of 3rd period - Slapshot by A.J. Jenks.
6:32 of 3rd period - Shot Misses the Net.
6:34 of 3rd period - Wrist shot by Ryan Nugent-Hopkins.
6:34 of 3rd period - Shot Blocked by Mark Fraser.
6:36 of 3rd period - Snap shot by Linden Vey.
6:36 of 3rd period - Shot Misses the Net.
6:50 of 3rd period - Wrist shot by Craig Smith.
6:50 of 3rd period - Stopped by Ben Scrivens without a rebound.
6:51 of 3rd period - Craig Smith wins face-off versus James Wright in Knights zone.
6:58 of 3rd period - Slapshot by Benn Ferriero.
6:58 of 3rd period - Stopped by Ben Scrivens with a rebound.
7:00 of 3rd period - Slapshot by Jamie Oleksiak.
7:00 of 3rd period - Shot Misses the Net.
8:06 of 3rd period - Slapshot by Josh Bailey.
8:06 of 3rd period - Shot Misses the Net.
8:08 of 3rd period - Snap shot by Josh Bailey.
8:08 of 3rd period - Deflect By Hampus Lindholm.
8:08 of 3rd period - Shot Misses the Net.
8:08 of 3rd period - Puck is out of play.
8:09 of 3rd period - Tyler Bozak wins face-off versus Zack Hamill in Diables zone.
8:19 of 3rd period - Ronalds Kenins is hit by Tyler Bozak and loses puck.
8:45 of 3rd period - Jacob Trouba is hit by Christian Thomas and loses puck.
9:12 of 3rd period - Taylor Beck is hit by Jacob Trouba.
9:18 of 3rd period - Minor Penalty to Jordan Martinook for High sticking.
9:19 of 3rd period - Tyler Bozak wins face-off versus Cody Bass in Knights zone.
9:20 of 3rd period - Slapshot by Brandon Prust.
9:20 of 3rd period - Shot Misses the Net.
9:49 of 3rd period - Snap shot by Craig Smith.
9:49 of 3rd period - Stopped by Ben Scrivens without a rebound.
9:50 of 3rd period - Craig Smith wins face-off versus Cody Bass in Knights zone.
9:53 of 3rd period - Snap shot by Jordan Szwarz.
9:53 of 3rd period - Shot Misses the Net.
9:55 of 3rd period - Slapshot by Hampus Lindholm.
9:55 of 3rd period - Stopped by Ben Scrivens with a rebound.
10:20 of 3rd period - Alexandre Burrows is hit by Ryan Nugent-Hopkins and loses puck.
10:49 of 3rd period - Wrist shot by Craig Smith.
10:49 of 3rd period - Shot Misses the Net.
10:51 of 3rd period - Wrist shot by Alexandre Burrows.
10:51 of 3rd period - Stopped by Ben Scrivens without a rebound.
10:52 of 3rd period - Ryan Nugent-Hopkins wins face-off versus Tyler Bozak in Knights zone.
11:18 of 3rd period - Penalty to Jordan Martinook is over, Jordan Martinook is back on ice.
12:09 of 3rd period - Benn Ferriero is hit by Jordan Martinook and loses puck.
12:32 of 3rd period - Jaccob Slavin is hit by Tim Schaller and loses puck.
12:45 of 3rd period - Snap shot by Josh Bailey.
12:45 of 3rd period - Shot Misses the Net.
12:47 of 3rd period - Wrist shot by Josh Bailey.
12:47 of 3rd period - Stopped by Jean-Francois Berube with a rebound.
12:59 of 3rd period - Brian Dumoulin is hit by A.J. Jenks and loses puck.
13:31 of 3rd period - Minor Penalty to Kevin Hayes for Holding.
13:32 of 3rd period - Brandon Prust wins face-off versus Cody Bass in Knights zone.
13:35 of 3rd period - Wrist shot by Tyler Bozak.
13:35 of 3rd period - Stopped by Ben Scrivens without a rebound.
13:36 of 3rd period - Tyler Bozak wins face-off versus Cody Bass in Knights zone.
13:51 of 3rd period - Snap shot by Tyler Bozak.
13:51 of 3rd period - Shot Misses the Net.
14:46 of 3rd period - Icing by Brian Dumoulin.
14:47 of 3rd period - Ryan Nugent-Hopkins wins face-off versus Craig Smith in Diables zone.
14:50 of 3rd period - Snap shot by Ronalds Kenins.
14:50 of 3rd period - Goal by Ronalds Kenins - Knights : 5 - Diables : 7.
14:51 of 3rd period - Cody Bass wins face-off versus Tyler Bozak in neutral zone.
15:12 of 3rd period - Minor Penalty to Tyler Bozak for Hooking.
15:13 of 3rd period - Zack Hamill wins face-off versus Benn Ferriero in Diables zone.
15:14 of 3rd period - Slapshot by Tomas Kundratek.
15:14 of 3rd period - Deflect By Zack Hamill.
15:14 of 3rd period - Goal by Zack Hamill - Knights : 6 - Diables : 7.
15:15 of 3rd period - Benn Ferriero wins face-off versus Zack Hamill in neutral zone.
15:20 of 3rd period - Snap shot by Zack Hamill.
15:20 of 3rd period - Shot Blocked by Hampus Lindholm.
15:31 of 3rd period - Penalty to Kevin Hayes is over, Kevin Hayes is back on ice.
15:34 of 3rd period - Wrist shot by Zack Hamill.
15:34 of 3rd period - Stopped by Jean-Francois Berube with a rebound.
15:36 of 3rd period - Wrist shot by Kevin Hayes.
15:36 of 3rd period - Stopped by Jean-Francois Berube with a rebound.
15:38 of 3rd period - Snap shot by Kevin Hayes.
15:38 of 3rd period - Stopped by Jean-Francois Berube with a rebound.
15:40 of 3rd period - Snap shot by Zack Hamill.
15:40 of 3rd period - Shot Misses the Net.
15:42 of 3rd period - Snap shot by Jacob Trouba.
15:42 of 3rd period - Stopped by Jean-Francois Berube without a rebound.
15:43 of 3rd period - Craig Smith wins face-off versus Ryan Nugent-Hopkins in Diables zone.
17:12 of 3rd period - Penalty to Tyler Bozak is over, Tyler Bozak is back on ice.
17:17 of 3rd period - Tim Schaller is hit by Collin Miller and loses puck.
17:28 of 3rd period - Slapshot by Tyler Bozak.
17:28 of 3rd period - Shot Misses the Net.
17:30 of 3rd period - Snap shot by Tim Schaller.
17:30 of 3rd period - Stopped by Ben Scrivens with a rebound.
17:32 of 3rd period - Wrist shot by Tim Schaller.
17:32 of 3rd period - Stopped by Ben Scrivens with a rebound.
17:34 of 3rd period - Snap shot by Tim Schaller.
17:34 of 3rd period - Shot Misses the Net.
17:36 of 3rd period - Slapshot by Brian Dumoulin.
17:36 of 3rd period - Stopped by Ben Scrivens without a rebound.
17:37 of 3rd period - Tyler Bozak wins face-off versus Zack Hamill in Knights zone.
18:04 of 3rd period - Jamie Oleksiak is hit by A.J. Jenks and loses puck.
18:55 of 3rd period - Hampus Lindholm is hit by James Wright and loses puck.
19:08 of 3rd period - Wrist shot by Brandon Prust.
19:08 of 3rd period - Shot Blocked by Jacob Trouba.
19:13 of 3rd period - Icing by Michael Raffl.
19:14 of 3rd period - Jordan Szwarz wins face-off versus James Wright in Knights zone.
19:25 of 3rd period - Knights, Ben Scrivens is pulled from the net.
19:31 of 3rd period - Slapshot by Josh Bailey.
19:31 of 3rd period - Shot Misses the Net.
19:33 of 3rd period - Snap shot by Michael Raffl.
19:33 of 3rd period - Shot Blocked by Brandon Prust.
19:39 of 3rd period - Snap shot by Josh Bailey.
19:39 of 3rd period - Shot Blocked by Jon Merrill.
19:51 of 3rd period - Snap shot by Josh Bailey.
19:51 of 3rd period - Stopped by Jean-Francois Berube with a rebound.
19:57 of 3rd period - Snap shot by Josh Bailey.
19:57 of 3rd period - Stopped by Jean-Francois Berube without a rebound.
19:58 of 3rd period - Tom Renney call a timeout for Knights.
19:58 of 3rd period - Jordan Szwarz wins face-off versus James Wright in Diables zone.
19:58 of 3rd period - Jordan Szwarz is hit by Nikita Nikitin.
Goals for this period are 3 for Knights vs 3 for Diables.
Shots for this period are 15 for Knights vs 15 for Diables.
Back to the Top